 Dungeon Crawl Stone Soup version 0.30-a0-218-gedb9141078 (webtiles) character file.

Game seed: 10680320469878942242

14810 billz999 the Grappler (level 11, -7/113 HPs)
             Began as a Troll Monk on Oct 5, 2022.
             Was an Elder of Cheibriados.
             Mangled by a komodo dragon (11 damage)
             ... on level 2 of the Lair of Beasts.
             The game lasted 00:18:26 (8262 turns).

billz999 the Grappler (Troll Monk)                  Turns: 8262, Time: 00:18:28

Health: -7/113     AC:  7    Str: 41    XL:     11   Next: 93%
Magic:  13/16      EV:  8    Int: 16    God:    Cheibriados [****..]
Gold:   841        SH:  0    Dex: 22    Spells: 10/10 levels left

rFire   . . .      SeeInvis .      - Unarmed
rCold   . . .      Faith    .    (no shield)
rNeg    + . .      Spirit   .    j - +2 robe {rN+}
rPois   .          Reflect  .    (helmet restricted)
rElec   .          Harm     .    q - +0 cloak {Will+}
rCorr   .          Rampage  .    (gloves unavailable)
Will    +....                    (boots unavailable)
Stlth   ++........               p - amulet of the acrobat
HPRegen 1.18/turn                t - +6 ring of strength
MPRegen 0.15/turn                (no ring)

@: lethally poisoned (-7 -> -8), constricted, very slow
A: large, unfitting armour, claws 3, regeneration 1, shaggy fur 1, tough skin 1
a: Renounce Religion, Bend Time, Temporal Distortion, Slouch


You were on level 2 of the Lair of Beasts.
You worshipped Cheibriados.
Cheibriados was greatly pleased with you.
You visited 2 branches of the dungeon, and saw 12 of its levels.
You also visited: Bailey.

You collected 906 gold pieces.
You spent 65 gold pieces at shops.

Inventory:

Hand Weapons
 k - the +5 sword of Power {vorpal}
   (You found it on level 2 of the Dungeon)

   It inflicts extra damage upon your enemies.
   It occasionally discharges a powerful but inaccurate bolt of energy upon
   striking a foe, with increased chance the greater the wielder's current
   health.
Missiles
 d - 5 throwing nets (quivered)
Armour
 a - a +0 robe
 j - a +2 robe of positive energy (worn)
 q - a +0 cloak of willpower (worn)
Jewellery
 p - an amulet of the acrobat (around neck)
 t - a +6 ring of strength (left claw)
 z - a ring of resist corrosion
 A - a ring of see invisible
Wands
 r - a wand of acid (7)
 u - a wand of polymorph (18)
 y - a wand of flame (13)
 D - a wand of iceblast (5)
 F - a wand of charming (11)
Scrolls
 h - a scroll of enchant armour
 i - a scroll of summoning
 n - 6 scrolls of amnesia
 o - a scroll of butterflies
 s - a scroll of blinking
 x - 2 scrolls of identify
 B - a scroll of teleportation
Potions
 b - a potion of ambrosia
 c - 2 potions of attraction
 e - 2 potions of heal wounds
 f - 2 potions of flight
 g - 6 potions of curing
 l - 3 potions of resistance
 m - 4 potions of brilliance
 v - a potion of degeneration {unknown}
 w - a potion of haste
 E - 3 potions of mutation {unknown}


   Skills:
 + Level 8.4 Fighting
 - Level 2.4 Dodging
 - Level 1.0 Stealth
 * Level 14.4 Unarmed Combat
 + Level 8.6 Invocations


You had 10 spell levels left.
You didn't know any spells.
Your spell library contained the following spells:

 Spells                   Type           Power      Damage    Failure   Level
 Slow                     Hex            0%         N/A       26%         1
 Blink                    Tloc           0%         N/A       36%         2
 Momentum Strike          Conj/Tloc      0%         3d8       36%         2
 Confusing Touch          Hex            0%         N/A       58%         3
 Inner Flame              Hex/Fire       0%         N/A       58%         3
 Lesser Beckoning         Tloc           0%         N/A       58%         3
 Vampiric Draining        Necr           0%         2d6       58%         3
 Cause Fear               Hex            0%         N/A       94%         4
 Alistair's Intoxication  Tmut/Pois      0%         N/A       100%        5
 Borgnjor's Vile Clutch   Necr/Erth      0%         N/A       100%        5
 Eringya's Noxious Bog    Tmut/Pois      0%         N/A       100%        6
 Discord                  Hex            0%         N/A       100%        8


Dungeon Overview and Level Annotations

Branches:
Dungeon (10/15)            Temple (0/1) D:5            Lair (2/5) D:10
    Orc (0/2) D:9          Bailey (visited)
  Swamp: Lair:2-3    Shoals: Lair:2-3     Snake: Lair:2-3    Spider: Lair:2-3

Altars:
Cheibriados
Dithmenos
Gozag
Kikubaaqudgha
Makhleb
Okawaru
Qazlal
Trog
Wu Jian

Shops:
D:3 !

Annotations:
D:10 4 transporters


Innate Abilities, Weirdness & Mutations

You are too large for most types of armour.
You have claws for hands.
Your natural rate of healing is unusually fast.
You are covered in fur. (AC +1)
You have tough skin. (AC +1)


Message History

You barely miss the yak.
The yak is severely wounded.
You claw the yak!
You kill the yak!
Cheibriados appreciates the change of pace.
The cane toad stings you but does no damage.
The naga spits poison at you.
The splash of poison hits you but does no damage.
You are poisoned.
The cane toad misses you. x2
Things that are here:
a +0 short sword of electrocution; a yak corpse You mangle the cane toad!!
Your claw misses the cane toad.
The cane toad is severely wounded.
You feel sick. The cane toad stings you!!
You are more poisoned.
The cane toad poisons you!
You mangle the cane toad!!
You kill the cane toad!
Cheibriados thoroughly appreciates the change of pace.
You feel very sick.
You feel very sick.
The komodo dragon completely misses you.
The naga spits poison at you. The splash of poison misses you.
The komodo dragon misses you. The naga hits you with a +0 hand axe!
The naga closely misses you.
Things that are here:
a cane toad corpse; a yak corpse You claw the naga!
The naga is heavily wounded.
You feel sick. The komodo dragon bites you!!
* * * LOW HITPOINT WARNING * * *
You closely miss the naga.
The naga is heavily wounded.
You feel sick. The naga hits you with a +0 hand axe!
* * * LOW HITPOINT WARNING * * *
The naga grabs you. The naga constricts you.
* * * LOW HITPOINT WARNING * * *
The komodo dragon bites you!
You die...

♣♣♣P~ ♣P♣~~
...≈≈§ ~~~~
.§§§§≈ P~.
#..§≈≈§ # P.
.§§§§§≈ #. #.
..§§≈§≈
#.#.##.§.§≈§§
#..†<...§≈≈§§
####@).≈§§§≈≈
#...Nl...≈§≈≈
#.......≈≈≈§≈
#..........§§§≈
#...........§§≈
#.........§.≈§≈
...#..........≈§
P###...).......§


You could see a komodo dragon and a naga (catching breath).

Vanquished Creatures
  Harold (D:10)
  3 two-headed ogres
  Pikel (D:8)
  An elephant (Lair:2)
  2 cane toads
  A gargoyle (D:10)
  3 kobold demonologists
  2 komodo dragons
  Grinder (D:3)
  A blink frog (Lair:2)
  Sigmund (D:3)
  A wraith (D:5)
  A shadow (D:9)
  A basilisk (Lair:1)
  A steam dragon (D:5)
  19 yaks
  An acid dragon (D:9)
  A naga (Lair:2)
  6 orc warriors
  2 ice beasts
  A sky beast (D:7)
  4 ogres
  2 black bears
  6 centaurs
  6 wolves (Bailey)
  2 lemures (D:8)
  5 kobold brigands
  2 bullfrogs
  3 scorpions
  10 gnoll sergeants
  7 wights
  A killer bee (D:5)
  4 howler monkeys
  A jelly (D:5)
  6 hounds
  6 orc priests
  7 gnoll boudas (Bailey)
  Crazy Yiuf (D:2)
  Ijyb (D:3)
  Terence (D:3)
  4 iguanas
  Natasha (twice) (D:3)
  5 orc wizards
  5 adders
  27 gnolls
  2 white imps (D:6)
  2 ufetubi (D:5)
  3 worms
  49 orcs
  7 bats
  5 endoplasms
  5 giant cockroaches
  12 goblins
  8 hobgoblins
  4 quokkas
  8 ball pythons
  3 frilled lizards
  23 kobolds
  4 rats
304 creatures vanquished.

Vanquished Creatures (others)
  2 fungi
  3 plants
5 creatures vanquished.

Grand Total: 309 creatures vanquished

Notes
Turn   | Place    | Note
-------+----------+-------------------------------------------
     0 | D:1      | billz999 the Troll Monk began the quest for the Orb.
     0 | D:1      | Reached XP level 1. HP: 22/22 MP: 0/0
    76 | D:1      | Reached XP level 2. HP: 29/29 MP: 1/1
   225 | D:1      | Reached skill level 4 in Unarmed Combat
   327 | D:1      | Reached XP level 3. HP: 36/36 MP: 2/2
   620 | D:1      | Found a faded altar of an unknown god.
   633 | D:1      | Prayed at the altar of an unknown god.
   633 | D:1      | Became a worshipper of Cheibriados the Contemplative
   633 | D:1      | Reached * piety under Cheibriados
   633 | D:1      | Reached ** piety under Cheibriados
   657 | D:2      | Found a shadowy altar of Dithmenos.
   691 | D:2      | Reached skill level 5 in Unarmed Combat
   691 | D:2      | Reached XP level 4. HP: 28/44 MP: 3/3
   752 | D:2      | Reached *** piety under Cheibriados
   827 | D:2      | Found the +5 sword of Power {vorpal}
  1295 | D:2      | Found a runed translucent door.
  1296 | D:2      | Noticed Crazy Yiuf
  1571 | D:2      | Killed Crazy Yiuf
  1572 | D:2      | Reached XP level 5. HP: 50/50 MP: 4/4
  1611 | D:3      | Noticed Grinder
  1616 | D:3      | Killed Grinder
  1617 | D:3      | Reached skill level 6 in Unarmed Combat
  1617 | D:3      | Reached skill level 1 in Invocations
  1617 | D:3      | Reached XP level 6. HP: 52/61 MP: 4/6
  1617 | D:3      | Reached **** piety under Cheibriados
  1671 | D:3      | Noticed Sigmund
  1684 | D:3      | Killed Sigmund
  1685 | D:3      | Reached XP level 7. HP: 54/67 MP: 7/7
  1707 | D:3      | Noticed Ijyb
  1713 | D:3      | Killed Ijyb
  1714 | D:3      | Reached skill level 7 in Unarmed Combat
  2077 | D:3      | Noticed Terence
  2082 | D:3      | Killed Terence
  2122 | D:3      | Noticed Natasha
  2128 | D:3      | Killed Natasha
  2141 | D:3      | Noticed Natasha
  2144 | D:3      | Killed Natasha
  2176 | D:3      | Identified the +10 chain mail of the Forging Gods {Regen+
                  | rCorr Stlth+}
  2250 | D:3      | Found an ornate altar of the Wu Jian Council.
  2281 | D:3      | Found Goyfog's Distillery.
  2291 | D:3      | Bought a potion of berserk rage for 65 gold pieces
  2901 | D:4      | Found an opulent altar of Gozag.
  2902 | D:4      | Found an iron altar of Okawaru.
  2979 | D:5      | Entered Level 5 of the Dungeon
  3011 | D:5      | Found a transporter.
  3015 | D:5      | Noticed a two-headed ogre
  3016 | D:5      | Found a shadowy altar of Dithmenos.
  3017 | D:5      | Noticed a wraith
  3018 | D:5      | Noticed a steam dragon
  3030 | D:5      | Reached skill level 8 in Unarmed Combat
  3057 | D:5      | Found a transporter.
  3083 | D:5      | Reached ***** piety under Cheibriados
  3084 | D:5      | Reached XP level 8. HP: 78/78 MP: 9/9
  3339 | D:5      | Found a staircase to the Ecumenical Temple.
  3565 | D:5      | Killed a two-headed ogre
  3566 | D:5      | Reached skill level 5 in Fighting
  3566 | D:5      | Reached skill level 9 in Unarmed Combat
  3567 | D:5      | Reached XP level 9. HP: 40/88 MP: 2/11
  3685 | D:6      | Reached skill level 5 in Invocations
  3787 | D:6      | Reached skill level 10 in Unarmed Combat
  3954 | D:6      | Found a stormy altar of Qazlal.
  4822 | D:7      | Identified the +2 helmet of Paviez {Will+ Slay+2}
  5017 | D:7      | Found a burning altar of Makhleb.
  5025 | D:7      | Reached skill level 11 in Unarmed Combat
  5099 | D:8      | Found an ancient bone altar of Kikubaaqudgha.
  5101 | D:8      | Noticed a two-headed ogre
  5110 | D:8      | Killed a two-headed ogre
  5111 | D:8      | Reached XP level 10. HP: 98/98 MP: 7/13
  5172 | D:8      | Noticed Pikel
  5189 | D:8      | Killed Pikel
  5256 | D:8      | Reached skill level 12 in Unarmed Combat
  6167 | D:9      | Noticed a two-headed ogre
  6167 | D:9      | Found a flagged portal.
  6175 | D:9      | Killed a two-headed ogre
  6197 | Bailey   | Entered a bailey
  6336 | Bailey   | Reached XP level 11. HP: 109/109 MP: 15/15
  6419 | Bailey   | Reached skill level 13 in Unarmed Combat
  6644 | D:9      | Noticed a sun demon
  6785 | D:9      | Found a staircase to the Orcish Mines.
  7092 | D:9      | Identified the +5 whip of Linearity {flame, Will- Dex+3
                  | Stlth+}
  7247 | D:10     | Entered Level 10 of the Dungeon
  7437 | D:10     | Noticed Harold
  7451 | D:10     | Killed Harold
  7596 | D:10     | Found a transporter.
  7598 | D:10     | Found a transporter.
  7603 | D:10     | Found a transporter.
  7647 | D:10     | Found a staircase to the Lair.
  7650 | D:10     | Found a transporter.
  7759 | D:10     | Found a bloodstained altar of Trog.
  8038 | Lair:1   | Entered Level 1 of the Lair of Beasts
  8076 | Lair:1   | Reached skill level 14 in Unarmed Combat
  8262 | Lair:2   | HP: 4/113 [constriction (2)]
  8262 | Lair:2   | Mangled by a komodo dragon

Illustrated notes

Levels and vault maps discovered:
D:1:      tarquinn_simple_flora_water_f, layout_rooms,
          chequers_ecumenical_altar_grove, hex_tiny, minmay_tiny_reverse_x
D:2:      wad_crossroads, layout_loops_ring, basic_altar, minmay_domino_2,
          uniq_crazy_yiuf_cottage
D:3:      layout_basic, mainiacjoe_overflow_cross_hatched, serial_shops,
          nicolae_lakefront_shop, grunt_decor_one_mirror, uniq_natasha,
          uniq_ijyb, uniq_terence, uniq_grinder, uniq_sigmund
D:4:      layout_cave_pools, mainiacjoe_overflow_divided_tiny,
          hangedman_abyss_or_decor_stabs
D:5:      layout_gridville, gammafunk_temple_overflow_arena, temple_doors_e,
          minmay_misc_feat_five
D:6:      layout_rooms, lemuel_coloured_pillars_altar,
          nicolae_ossuary_entry_plus
D:7:      layout_loops_ring, makhleb_heckhound_becter, serial_park_tiny_1
D:8:      layout_basic, mainiacjoe_overflow_alcove_1, chequers_arboretum,
          kb_lookout_dungeons_type, grunt_decor_mini_mirrors,
          chequers_serial_rivers_micro_d, grunt_ministairs_8, st_stairs_6,
          chequers_serial_rivers_micro_e, uniq_pikel
D:9:      layout_small_grid, david_orc_5, enter_bailey_5
D:10:     layout_small_grid, kennysheep_little_box, lair_entry_dummy,
          nicolae_transporter_circle, uniq_harold
Lair:1:   layout_chaotic_city, grunt_megastairs_4
Lair:2:   layout_roguey, guppyfry_snake_entry_garden, serial_bayou_pond_c,
          minmay_lindwurm_lava, serial_bayou_shore_b, infiniplex_staircase_pool,
          uniq_amaemon

Skill      XL: |  1  2  3  4  5  6  7  8  9 10 11 |
---------------+----------------------------------+-----
Unarmed Combat | 4 5 6 8 9 11 12 14 | 14.4
Fighting       | 3 4 5 6 7 8 |  8.4
Invocations    | 1 2 3 4 6 7 8 |  8.6
Dodging        | |  2.4
Stealth        | |  1.0

Action                   |  1- 3 |  4- 6 |  7- 9 | 10-12 || total
-------------------------+-------+-------+-------+-------++-------
Melee: Unarmed           |    88 |    19 |   208 |   285 ||   600
       Punch             |     1 |     1 |    11 |    18 ||    31
       Great sword       |       |    37 |       |       ||    37
Throw: Throwing net      |       |       |       |     2 ||     2
Invok: Slouch            |       |       |     3 |    10 ||    13
       Bend Time         |       |       |     1 |     2 ||     3
       Temporal Distorti |       |       |       |     1 ||     1
Evoke: Wand              |       |       |     1 |     7 ||     8
  Use: Scroll            |       |       |    10 |     7 ||    17
       Potion            |       |       |     3 |     2 ||     5
 Stab: Sleeping          |     1 |     4 |     4 |     1 ||    10
       Distracted        |       |       |       |     2 ||     2
Armor: Robe              |    34 |    19 |    68 |    66 ||   187
       Skin              |       |       |    10 |       ||    10
Dodge: Dodged            |    36 |    37 |   174 |   260 ||   507

Table legend: (Time is in decaauts)
 A = Elapsed time spent in this place.
 B = Non-inter-level travel time spent in this place.
 C = Inter-level travel time spent in this place.
 D = Time resting spent in this place.
 E = Time spent auto-exploring this place.
 F = Levels seen in this place.
 G = Mean time per level.
                   A        B        C        D        E       F      G
               +--------+--------+--------+--------+--------+-----+--------+
         Total |  12441 |  11836 |    605 |    494 |   9311 |  13 |  957.0 |
       Dungeon |  11609 |  11014 |    595 |    484 |   8820 |  10 | 1160.9 |
          Lair |    259 |    249 |     10 |      8 |    103 |   2 |  129.5 |
        Bailey |    571 |    571 |      0 |      2 |    387 |   1 |  571.0 |
               +--------+--------+--------+--------+--------+-----+--------+

Top non-repeatable levels by time:
     D:2: 1520 daAuts
     D:8: 1359 daAuts
     D:3: 1298 daAuts
     D:7: 1297 daAuts
     D:9: 1235 daAuts
    D:10: 1222 daAuts
     D:5: 1149 daAuts
     D:6: 1052 daAuts
     D:4: 817 daAuts
     D:1: 657 daAuts
  Bailey: 571 daAuts
  Lair:1: 224 daAuts
  Lair:2: 35 daAuts
